 Dungeon Crawl Stone Soup version 0.27.0 (webtiles) character file.

Game seed: 5607548345817431636

10715 mhtbhm the Severer (level 11, -11/151 HPs)
             Began as a Minotaur Berserker on July 30, 2021.
             Was the Champion of Trog.
             Mangled by Donald (17 damage)
             ... on level 2 of the Orcish Mines on July 31, 2021.
             The game lasted 00:13:34 (10680 turns).

mhtbhm the Severer (Minotaur Berserker)            Turns: 10680, Time: 00:13:35

Health: -11/151    AC: 13    Str: 25    XL:     11   Next: 39%
Magic:  10/10      EV: 13    Int: 10    God:    Trog [******]
Gold:   614        SH:  0    Dex: 10    Spells: 10/10 levels left

rFire    + . .     SeeInvis .   a - +5 broad axe (flame)
rCold    . . .     Faith    +   (no shield)
rNeg     . . .     Spirit   .   b - +0 acid dragon scales
rPois    .         Reflect  .   (helmet restricted)
rElec    .         Harm     .   (no cloak)
rCorr    +         Rampage  .   t - +0 pair of gloves
Will     .....                  m - +2 pair of boots {Stlth+}
Stlth    ..........             p - amulet of faith
HPRegen  0.35/turn              h - ring of protection from fire
MPRegen  0.12/turn              A - +6 ring of intelligence

@: berserking, very quick
A: horns 2, retaliatory headbutt
a: Renounce Religion, Berserk, Trog's Hand, Brothers in Arms


You were on level 2 of the Orcish Mines.
You worshipped Trog.
Trog was exalted by your worship.
You visited 2 branches of the dungeon, and saw 11 of its levels.

You collected 844 gold pieces.
You spent 230 gold pieces at shops.

Inventory:

Hand Weapons
 a - a +5 broad axe of flaming (weapon)
Missiles
 g - a throwing net (quivered)
Armour
 b - +0 acid dragon scales (worn)
 m - a +2 pair of boots of stealth (worn)
 t - a +0 pair of gloves (worn)
Jewellery
 h - a ring of protection from fire (left hand)
 p - an amulet of faith (around neck)
 r - an amulet of reflection
 A - a +6 ring of intelligence (right hand)
Wands
 n - a wand of mindburst (11)
 q - a wand of iceblast (12)
Scrolls
 c - a scroll of magic mapping
 f - 3 scrolls of teleportation
 k - a scroll of enchant armour
 l - a scroll of brand weapon {unknown}
 s - a scroll of fog {unknown}
 x - a scroll of vulnerability {unknown}
 y - a scroll of torment
 B - a scroll of fear {unknown}
Potions
 d - 2 potions of curing
 e - a potion of heal wounds
 i - a potion of berserk rage
 j - a potion of invisibility
 o - a potion of mutation {unknown}
 u - a potion of haste {unknown}
 v - 2 potions of ambrosia {unknown}
 w - 2 potions of attraction {unknown}
 z - 2 potions of flight {unknown}


   Skills:
 + Level 10.7 Fighting
 + Level 15.2 Axes
 + Level 9.3 Armour
 + Level 6.2 Dodging
 - Level 0.1 Stealth


You had 10 spell levels left.
You didn't know any spells.
Your spell library was empty.

Dungeon Overview and Level Annotations

Branches:
Dungeon (9/15)             Temple (0/1) D:4             Orc (2/2) D:9
    Elf (0/3) Orc:2
   Lair: D:8-11

Altars:
Okawaru
Qazlal
Wu Jian

Shops:
D:8 ![**

Annotations:
Orc:2 Donald


Innate Abilities, Weirdness & Mutations

You have a pair of horns on your head.
You reflexively headbutt those who attack you in melee.


Message History

Donald is heavily wounded.
Donald misses you.
Donald says, "I heard Trog has abandonment issues."
Donald hits you with a +0 scimitar of electrocution.
You are electrocuted!
Donald blocks your attack. x2
Donald is heavily wounded.
Donald casts a spell.
Donald seems to grow stronger.
You slash Donald! You burn Donald. Your headbutt misses Donald.
Donald is severely wounded.
Donald hits you but does no damage. Donald blocks your attack.
Your headbutt misses Donald.
Donald is severely wounded.
Donald hits you with a +0 scimitar of electrocution!!
You are too injured to fight recklessly!
You are too injured to fight recklessly!
You are too injured to fight recklessly!
You are too injured to fight recklessly!
You are too injured to fight recklessly!
You are too injured to fight recklessly!
You are too injured to fight recklessly!
You are too injured to fight recklessly!
You are too injured to fight recklessly!
You are too injured to fight recklessly!
You are too injured to fight recklessly!
You are too injured to fight recklessly!
Unknown command.
A red film seems to cover your vision as you go berserk!
You feel yourself moving faster!
You feel mighty!
Donald ponders, "They're ugly as hell, too!"
Donald hits you with a +0 scimitar of electrocution!!
* * * LOW HITPOINT WARNING * * *
You are electrocuted!
* * * LOW HITPOINT WARNING * * *
The two-headed ogre hits you with a +0 giant club!
* * * LOW HITPOINT WARNING * * *
The two-headed ogre completely misses you.
Donald hits you with a +0 scimitar of electrocution!
You die...

. ##.........#
####......## .
#.........# ..
#.........## ...
#..........#
....#.......#..##
...........##...#
..........####.##
.......@### ###
......O@#
........#
.........
.........
....#.....
...##.#... ..^
####...


You could see Donald (fast, strong) and a two-headed ogre.

Vanquished Creatures
  Snorg (Orc:1)
  A two-headed ogre (D:9)
  Nergalle (Orc:1)
  2 orc knights
  An orc sorcerer (Orc:2)
  A cyclops (Orc:2)
  2 trolls (Orc:1)
  A shadow (D:9)
  3 vampire mosquitoes (D:9)
  2 steam dragons
  An acid dragon (D:9)
  Duvessa (D:4)
  16 orc warriors
  5 sky beasts
  A black bear (D:8)
  2 necrophages (D:6)
  6 ogres
  4 centaurs
  A phantom (D:6)
  A kobold brigand (D:8)
  7 bullfrogs
  A water moccasin zombie (D:5)
  3 scorpions
  A water moccasin skeleton (D:5)
  Dowan (D:4)
  4 wights (D:9)
  2 howler monkeys (D:8)
  A bullfrog zombie (D:5)
  6 hounds
  A bullfrog skeleton (D:5)
  A centaur zombie (D:7)
  11 orc priests
  A jelly (D:6)
  5 iguanas
  15 orc wizards
  A scorpion zombie (D:5)
  A killer bee zombie (D:6)
  A howler monkey zombie (D:9)
  Robin (D:4)
  9 adders
  A shadow imp (D:7)
  2 worms
  3 dart slugs
  43 orcs
  3 ball pythons
  5 bats
  6 endoplasms
  2 giant cockroaches
  16 goblins
  8 hobgoblins
  11 jackals
  17 kobolds
  3 quokkas
  3 frilled lizards
  23 rats
272 creatures vanquished.

Notes
Turn   | Place    | Note
-------+----------+-------------------------------------------
     0 | D:1      | mhtbhm the Minotaur Berserker began the quest for the Orb.
     0 | D:1      | Reached XP level 1. HP: 19/19 MP: 0/0
   105 | D:1      | Reached skill level 4 in Axes
   105 | D:1      | Reached XP level 2. HP: 27/27 MP: 1/1
   165 | D:1      | Found a faded altar of an unknown god.
   459 | D:1      | Reached ** piety under Trog
   523 | D:1      | Reached XP level 3. HP: 33/33 MP: 2/2
  1427 | D:2      | Reached skill level 5 in Axes
  1563 | D:3      | Reached XP level 4. HP: 41/41 MP: 3/3
  1606 | D:3      | Reached *** piety under Trog
  2600 | D:4      | Noticed a sky beast
  2601 | D:4      | Noticed an ogre
  2612 | D:4      | Killed an ogre
  2613 | D:4      | Reached skill level 6 in Axes
  2613 | D:4      | Reached XP level 5. HP: 30/47 MP: 4/4
  2615 | D:4      | Killed a sky beast
  2616 | D:4      | Reached XP level 6. HP: 35/55 MP: 5/5
  2849 | D:4      | Noticed Duvessa
  2849 | D:4      | Noticed Dowan
  2861 | D:4      | Killed Dowan
  2861 | D:4      | Reached **** piety under Trog
  2861 | D:4      | Killed Duvessa
  2862 | D:4      | Reached skill level 5 in Fighting
  2862 | D:4      | Reached skill level 7 in Axes
  3105 | D:4      | Reached XP level 7. HP: 61/61 MP: 6/6
  3109 | D:4      | Found a staircase to the Ecumenical Temple.
  3111 | D:4      | Noticed Robin
  3140 | D:4      | Killed Robin
  3598 | D:4      | Reached skill level 8 in Axes
  3795 | D:5      | Entered Level 5 of the Dungeon
  3944 | D:5      | Reached ***** piety under Trog
  4155 | D:5      | Reached skill level 9 in Axes
  4155 | D:5      | Reached XP level 8. HP: 64/70 MP: 7/7
  4230 | D:5      | Found an iron altar of Okawaru.
  4274 | D:5      | Received a gift from Trog
  4275 | D:5      | Reached skill level 5 in Armour
  5086 | D:6      | Found an ornate altar of the Wu Jian Council.
  5153 | D:6      | Reached skill level 10 in Axes
  5349 | D:6      | Reached XP level 9. HP: 74/79 MP: 8/8
  5694 | D:6      | Reached skill level 11 in Axes
  6709 | D:8      | Found Mammo's General Store.
  7035 | D:8      | Found Boohoxza's Assorted Antiques.
  7043 | D:8      | Bought a scroll of identify for 40 gold pieces
  7043 | D:8      | Bought a scroll of identify for 40 gold pieces
  7047 | D:8      | Bought a pair of runed boots for 150 gold pieces
  7113 | D:8      | Found a stormy altar of Qazlal.
  7125 | D:8      | Reached skill level 12 in Axes
  7362 | D:8      | Found Mosazill's Distillery.
  7439 | D:8      | Found Qukh's Antique Armour Shop.
  7681 | D:9      | Received a gift from Trog
  7682 | D:9      | Reached skill level 5 in Dodging
  7779 | D:9      | Noticed a two-headed ogre
  7786 | D:9      | Killed a two-headed ogre
  7787 | D:9      | Reached XP level 10. HP: 17/90 MP: 9/9
  8228 | D:9      | Reached skill level 13 in Axes
  8600 | D:9      | Found a staircase to the Orcish Mines.
  8789 | Orc:1    | Entered Level 1 of the Orcish Mines
  8789 | Orc:1    | Noticed Nergalle
  8796 | Orc:1    | Noticed an orc knight
  8810 | Orc:1    | Killed an orc knight
  8813 | Orc:1    | Killed Nergalle
  8816 | Orc:1    | Reached skill level 14 in Axes
  9215 | Orc:1    | Noticed Snorg
  9224 | Orc:1    | Killed Snorg
  9225 | Orc:1    | Reached skill level 10 in Fighting
  9225 | Orc:1    | Reached XP level 11. HP: 96/99 MP: 10/10
  9305 | Orc:2    | Entered Level 2 of the Orcish Mines
  9306 | Orc:2    | Found a staircase to the Elven Halls.
  9307 | Orc:2    | Noticed an orc knight
  9911 | Orc:2    | Killed an orc knight
 10266 | Orc:2    | Noticed an orc sorcerer
 10270 | Orc:2    | Reached skill level 15 in Axes
 10273 | Orc:2    | Killed an orc sorcerer
 10273 | Orc:2    | Reached ****** piety under Trog
 10304 | Orc:2    | Received a gift from Trog
 10671 | Orc:2    | Noticed Donald
 10673 | Orc:2    | Noticed a two-headed ogre
 10680 | Orc:2    | HP: 6/151 [two-headed ogre (14)]
 10680 | Orc:2    | Mangled by Donald

Illustrated notes

Levels and vault maps discovered:
D:1:      dpeg_arrival_oval, layout_loops_ring, ebering_ecumenical_altar_box
D:2:      layout_rooms, serial_glass, glass_columns_b, glass_columns_b
D:3:      layout_loops_ring, minmay_rat_hole
D:4:      layout_rooms, minmay_temple_entry_grid, uniq_robin, uniq_duvessa
D:5:      layout_loops_cross, mainiacjoe_overflow_24_doors
D:6:      layout_basic, nicolae_wu_jian_wuxing_cycle
D:7:      layout_loops_ring, chequers_serial_rivers_large_b
D:8:      layout_rooms, mainiacjoe_overflow_small_starburst, serial_shops,
          nicolae_lakefront_shop, kennysheep_little_box, nicolae_stop_n_shop_1,
          nicolae_shop_waterfront
D:9:      layout_cave_pools, orc_0_dummy, grunt_ministairs_1,
          kennysheep_big_empty_room
Orc:1:    layout_caves, uniq_snorg, uniq_nergalle
Orc:2:    st_orc_elflike, layout_diamond_mine, uniq_donald

Skill      XL: |  1  2  3  4  5  6  7  8  9 10 11 |
---------------+----------------------------------+-----
Axes           | 4 5 6 7 9 10 12 14 15 | 15.2
Fighting       | 4 5 6 7 8 10 | 10.7
Armour         | 3 4 6 8 9 |  9.3
Dodging        | 3 4 5 6 |  6.2
Stealth        | |  0.1

Action                   |  1- 3 |  4- 6 |  7- 9 | 10-12 || total
-------------------------+-------+-------+-------+-------++-------
Melee: Hand axe          |    83 |    84 |    97 |       ||   264
       Headbutt          |    15 |    10 |    46 |    18 ||    89
       Broad axe         |       |       |   140 |   121 ||   261
Invok: Berserk           |       |     3 |     2 |     6 ||    11
  Use: Potion            |       |       |     1 |       ||     1
       Scroll            |       |       |    10 |     1 ||    11
 Stab: Sleeping          |     2 |       |       |       ||     2
       Invisible         |       |       |     1 |       ||     1
Armor: Animal skin       |    19 |     5 |       |       ||    24
       Leather armour    |       |    12 |       |       ||    12
       Scale mail        |       |     4 |   121 |    16 ||   141
       Acid dragon scale |       |       |       |    36 ||    36
Dodge: Dodged            |    48 |    56 |   131 |    76 ||   311
